 Dungeon Crawl Stone Soup version 0.27-a0-242-ge0fc76b88b (webtiles) character file.

Game seed: 3334832538685823340

90 Borgoz the Ducker (level 4, -8/37 HPs)
             Began as a Ghoul Gladiator on Feb 2, 2021.
             Mangled by a gnoll
             ... wielding a +0 halberd
              (12 damage)
             ... on level 3 of the Dungeon.
             The game lasted 00:01:38 (2571 turns).

Borgoz the Ducker (Ghoul Gladiator)                 Turns: 2571, Time: 00:01:39

Health: -8/37      AC:  4    Str: 17      XL:     4   Next: 56%
Magic:  3/3        EV: 12    Int:  1 (3)  God:
Gold:   128        SH:  0    Dex:  9 (11) Spells: 3/3 levels left

rFire    . . .     SeeInvis .   a - +0 long sword
rCold    + . .     Faith    .   (no shield)
rNeg     + + +     Spirit   .   b - +0 leather armour
rPois    ∞         Reflect  .   c - +0 helmet
rElec    .         Harm     .   (no cloak)
rCorr    .         Rampage  .   (no gloves)
Will     .....                  (no boots)
Stlth    ++........             (no amulet)
HPRegen  0.00/turn              n - ring of stealth (curse)
MPRegen  0.08/turn              (no ring)

@: mighty, brilliant
A: claws 1, cold resistance 1, negative energy resistance 3, inhibited
regeneration, torment resistance, unbreathing
a: no special abilities


You were on level 3 of the Dungeon.
You visited 1 branch of the dungeon, and saw 3 of its levels.

You collected 128 gold pieces.

Inventory:

Hand Weapons
 a - a +0 long sword (weapon)
Missiles
 d - 2 throwing nets (quivered)
Armour
 b - a +0 leather armour (worn)
 c - a +0 helmet (worn)
Jewellery
 j - an uncursed ring of flight
 n - a cursed ring of stealth (left claw)
Scrolls
 e - 4 scrolls of identify {unknown}
 h - a scroll of noise {unknown}
 l - 4 scrolls of teleportation {unknown}
 m - 2 scrolls of magic mapping {unknown}
Potions
 f - a potion of might
 i - 2 potions of heal wounds {unknown}
 k - a potion of attraction {unknown}


   Skills:
 + Level 2.9 Fighting
 * Level 3.4 Long Blades
 - Level 1.7 Throwing
 + Level 1.2 Armour
 * Level 3.5 Dodging


You had 3 spell levels left.
You didn't know any spells.
Your spell library was empty.

Dungeon Overview and Level Annotations

Branches:
Dungeon (3/15)

Altars:
Kikubaaqudgha
Makhleb
Nemelex Xobeh
Wu Jian
The Shining One


Innate Abilities, Weirdness & Mutations

You thrive by killing the living.
You are immune to poison.
You have sharp fingernails.
Your flesh is cold resistant. (rC+)
You are immune to negative energy. (rN+++)
You do not regenerate when monsters are visible.
You are immune to unholy pain and torment.
You can survive without breathing.


Message History

Your body decomposes!
You feel clumsy.
Your body decomposes!
You feel dopey.
Your body decomposes!
You feel dopey.
Your body decomposes!
You feel clumsy. The giant cockroach closely misses you.
The gnoll hits you but does no damage. The gnoll barely misses you.
It was a potion of might.
You feel very mighty all of a sudden. The giant cockroach barely misses you.
The gnoll hits you but does no damage. The gnoll barely misses you.
The giant cockroach misses you.
You closely miss the gnoll.
The gnoll is heavily wounded.
The giant cockroach closely misses you. The gnoll hits you with a +0 spear.
* * * LOW HITPOINT WARNING * * *
The gnoll hits you from afar with a +0 halberd!
You die...

#..# ...# #..# #..#
#.g# #.. #
##g####..# #.
#..B@gKg.#
##..####..####..#
..(.......##....#
#......^....#..#
#######.....#..###.
#............
#....†.......
##>#.........
###.##.######.


You could see 3 gnolls, a giant cockroach and a kobold.

Vanquished Creatures
  A gnoll (D:3)
  5 adders (D:2)
  A worm (D:2)
  A dart slug (D:1)
  2 leopard geckos
  2 giant cockroaches
  4 goblins
  2 hobgoblins (D:1)
  A ball python (D:3)
  5 bats
  3 frilled lizards
  2 kobolds
  3 rats
32 creatures vanquished.

Notes
Turn   | Place    | Note
-------+----------+-------------------------------------------
     0 | D:1      | Borgoz the Ghoul Gladiator began the quest for the Orb.
     0 | D:1      | Reached XP level 1. HP: 17/17 MP: 0/0
   195 | D:1      | Reached XP level 2. HP: 25/25 MP: 1/1
   320 | D:1      | You fall into a shaft and drop 1 floor!
   640 | D:2      | Reached XP level 3. HP: 9/30 MP: 2/2
   947 | D:2      | Found an ancient bone altar of Kikubaaqudgha.
  1082 | D:2      | Found a burning altar of Makhleb.
  1315 | D:2      | Reached skill level 1 in Armour
  2076 | D:2      | Found a glowing golden altar of the Shining One.
  2118 | D:2      | Reached XP level 4. HP: 37/37 MP: 3/3
  2298 | D:2      | Found an ornate altar of the Wu Jian Council.
  2517 | D:3      | Found a sparkling altar of Nemelex Xobeh.
  2571 | D:3      | Mangled by a gnoll

Illustrated notes

Levels and vault maps discovered:
D:1:      tarquinn_simple_flora_water_e, layout_loops_ring
D:2:      layout_basic, old_standard_altar, nicolae_tso_swordbearing_angel,
          kiku_gazebo_garden_becter, old_standard_altar
D:3:      layout_loops_ring, nicolae_overflow_hidden_temple,
          nemelex_xobeh_ov_fountains_minmay,
          chequers_ecumenical_altar_simple_redux, uniq_terence

Skill      XL: |  1  2  3 |
---------------+----------+-----
Long Blades    | 3 |  3.4
Dodging        | 3 |  3.5
Armour         | 1 |  1.2
Fighting       | |  2.9
Throwing       | |  1.7

Action                   |  1- 3 |  4- 6 || total
-------------------------+-------+-------++-------
Melee: Long sword        |    88 |    45 ||   133
Throw: Throwing net      |     1 |       ||     1
  Use: Potion            |       |     4 ||     4
 Stab: Held in net/web   |     1 |       ||     1
       Sleeping          |     4 |       ||     4
Armor: Leather armour    |    29 |    25 ||    54
Dodge: Dodged            |    65 |    55 ||   120
       Rpst.: Long sword |    19 |    14 ||    33

Table legend: (Time is in decaauts)
 A = Elapsed time spent in this place.
 B = Non-inter-level travel time spent in this place.
 C = Inter-level travel time spent in this place.
 D = Time resting spent in this place.
 E = Time spent auto-exploring this place.
 F = Levels seen in this place.
 G = Mean time per level.
                   A        B        C        D        E       F      G
               +--------+--------+--------+--------+--------+-----+--------+
         Total |   2602 |   2513 |     89 |    432 |   1795 |   3 |  867.3 |
       Dungeon |   2602 |   2513 |     89 |    432 |   1795 |   3 |  867.3 |
               +--------+--------+--------+--------+--------+-----+--------+

Top non-repeatable levels by time:
     D:2: 1707 daAuts
     D:1: 790 daAuts
     D:3: 105 daAuts
